 Dungeon Crawl Stone Soup version 0.20.0-8-g6b59dc7 (webtiles) character file.

45 JarielCorvus the Grave Robber (level 3, -6/19 HPs)
             Began as a Deep Elf Necromancer on June 1, 2017.
             Killed from afar by Darkell's ghost (10 damage)
             ... with a flame tongue
             ... on level 3 of the Dungeon.
             The game lasted 00:06:39 (2631 turns).

JarielCorvus the Grave Robber (DENe)                Turns: 2631, Time: 00:06:40

Health: -6/19      AC:  2    Str:  5    XL:     3   Next: 42%
Magic:  11/11      EV: 13    Int: 20    God:
Gold:   89         SH:  0    Dex: 15    Spells: 6/11 levels left

rFire    . . .     SeeInvis .   k - +0 short sword (holy)
rCold    . . .     Gourm    .   (no shield)
rNeg     . . .     Faith    .   a - +0 robe
rPois    .         Spirit   .   (no helmet)
rElec    .         Reflect  .   (no cloak)
rCorr    .         Harm     .   (no gloves)
MR       .....                  (no boots)
Stlth    ++........             (no amulet)
Regen    0.1/turn               (no ring)
MPRegen  0.2/turn               (no ring)

@: no status effects
A: no striking features
a: no special abilities


You were on level 3 of the Dungeon.
You were not hungry.

You visited 1 branch of the dungeon, and saw 3 of its levels.

You collected 89 gold pieces.

Inventory:

Hand Weapons
 i - a +0 dagger
 k - a +0 short sword of holy wrath (weapon)
 m - a +2 dagger of venom
Armour
 a - a +0 robe (worn)
Scrolls
 n - a scroll of teleportation {unknown}
Potions
 d - a potion of cancellation
 e - a potion of ambrosia
 g - a potion of berserk rage
Books
 b - a book of Necromancy

   Spells                             Type                      Level
   a - Pain                           Necromancy                   1
   b - Animate Skeleton               Necromancy                   1
   c - Vampiric Draining              Necromancy                   3
   d - Regeneration                   Charms/Necromancy            3
   e - Animate Dead                   Necromancy                   4
   f - Control Undead                 Necromancy                   4
Comestibles
 c - 4 bread rations
 f - a meat ration
 h - 2 royal jellies
 j - a fruit


   Skills:
 - Level 2.4 Dodging
 - Level 2.4 Stealth
 * Level 4.6 Spellcasting
 + Level 5.3 Necromancy


You had 6 spell levels left.
You knew the following spells:

 Your Spells              Type           Power        Failure   Level  Hunger
a - Pain                  Necr           ####         1%          1    None
b - Animate Skeleton      Necr           N/A          1%          1    None
c - Vampiric Draining     Necr           ####......   4%          3    ##.....


Dungeon Overview and Level Annotations

Branches:
Dungeon (3/15)

Altars:

Annotations:
D:3 Darkell's ghost, amateur DEFE


Message History

Darkell's ghost closely misses you.
A goblin comes into view. It is wielding a club.
The goblin shouts!
You hit Darkell's ghost but do no damage.
Darkell's ghost is lightly damaged.
Darkell's ghost hits you.
You barely miss Darkell's ghost.
Darkell's ghost is lightly damaged.
Darkell's ghost barely misses you.
You closely miss Darkell's ghost.
Darkell's ghost is lightly damaged.
Darkell's ghost points at you and mumbles some strange words.
The puff of flame hits you!
* * * LOW HITPOINT WARNING * * *
You hit Darkell's ghost but do no damage.
Darkell's ghost is lightly damaged.
Darkell's ghost points at you and mumbles some strange words.
The flame tongue hits you!
Ouch! That really hurt!
You die...

#########...#
# ###.## #
#..## #
##..### ###
##...## ..#
......##..# #
#.### ......
##.# ...
....# ......
#.##.($..
....####..###
#@....#
..........
#W.......
...### ..
#g.....##
....#
.........
....#
.#.......
....##. ..
.......
........ ..
.......
........ ...
#......
.....##.


You could see Darkell's ghost and a goblin.

Vanquished Creatures
  An adder (D:2)
  A worm (D:2)
  2 leopard geckos
  3 giant cockroaches
  2 goblins (D:1)
  4 hobgoblins
  2 jackals (D:2)
  5 kobolds
  4 bats
  A frilled lizard (D:3)
  3 rats
28 creatures vanquished.

Vanquished Creatures (collateral kills)
  A frilled lizard (D:1)
1 creature vanquished.

Grand Total: 29 creatures vanquished

Notes
Turn   | Place    | Note
-------+----------+-------------------------------------------
     0 | D:1      | JarielCorvus the Deep Elf Necromancer began the quest for the Orb.
     0 | D:1      | Reached XP level 1. HP: 10/10 MP: 6/6
     2 | D:1      | Learned a level 1 spell: Animate Skeleton
   764 | D:1      | Reached skill level 5 in Necromancy
  1064 | D:1      | Reached XP level 2. HP: 15/15 MP: 6/8
  2324 | D:2      | Reached XP level 3. HP: 15/19 MP: 7/10
  2542 | D:3      | Learned a level 3 spell: Vampiric Draining
  2620 | D:3      | Noticed Darkell's ghost (amateur DEFE)
  2631 | D:3      | Killed from afar by Darkell's ghost

Skill      XL: |  1  2 |
---------------+-------+-----
Necromancy     | 5 |  5.3
Spellcasting   | 4 |  4.6
Dodging        | |  2.4
Stealth        | |  2.4

Action                   || total
-------------------------++-------
Melee: Unarmed           ||     3
       Short sword       ||    20
 Cast: Pain              ||    45
       Animate Skeleton  ||     4
  Use: Scroll            ||     3
       Potion            ||     3
  Eat: Chunk             ||     5
Armor: Robe              ||     4
Dodge: Dodged            ||    21
